 Dungeon Sprint DCSS version 0.23.2-1-ga50397a6bc (webtiles) character file.

Game seed: 7708584755824759644

337 Ikoden the Thrower (level 6, -2/67 HPs)
             Began as an Ogre Hunter on May 15, 2019.
             Was an Initiate of Okawaru.
             Slain by an ogre
             ... wielding a +0 giant spiked club
              (5 damage)
             ... in the Dungeon (Sprint IX: "|||||||||||||||||||||||||||||").
             The game lasted 00:04:19 (765 turns).

Ikoden the Thrower (Ogre Hunter)                     Turns: 765, Time: 00:04:22

Health: -2/67      AC:  3    Str: 18    XL:     6   Next: 54%
Magic:  6/6        EV: 13    Int: 15    God:    Okawaru [......]
Gold:   0          SH:  0    Dex: 10    Spells: 5/5 levels left

rFire    . . .     SeeInvis .   r - +0 club
rCold    . . .     Gourm    .   (no shield)
rNeg     . . .     Faith    .   b - +0 robe
rPois    .         Spirit   .   (helmet restricted)
rElec    .         Reflect  .   (no cloak)
rCorr    .         Harm     .   (gloves unavailable)
MR       .....     NoTele   +   (boots unavailable)
Stlth    ++........             (no amulet)
HPRegen  0.21/turn              p - +3 ring of intelligence
MPRegen  0.10/turn              q - +2 ring of evasion

@: very slightly contaminated
A: large, unfitting armour, tough skin 1
a: Renounce Religion


You were in the Dungeon.
You worshipped Okawaru.
Okawaru was noncommittal.
You were not hungry.

You visited 1 branch

Inventory:

Hand Weapons
 a - a +0 short sword
 r - a +0 club (weapon)
Armour
 b - a +0 robe (worn)
 o - a +0 cloak
Jewellery
 p - a +3 ring of intelligence (left hand)
 q - a +2 ring of evasion (right hand)
Wands
 n - a wand of iceblast (10)
Scrolls
 k - 2 scrolls of blinking
 l - 3 scrolls of remove curse
 m - 2 scrolls of amnesia
Potions
 i - 4 potions of magic
 j - a potion of berserk rage
Comestibles
 f - a ration


   Skills:
 + Level 5.8 Fighting
 + Level 2.6 Short Blades
 + Level 1.6 Maces & Flails
 + Level 11.3 Throwing
 + Level 4.8 Dodging
 + Level 2.3 Stealth


You had 5 spell levels left.
You didn't know any spells.
Your spell library was empty.

Dungeon Overview and Level Annotations

Branches:
Dungeon (1/1)

Altars:
Cheibriados
Dithmenos
Elyvilon
Fedhas
Gozag
Hepliaklqana
Kikubaaqudgha
Makhleb
Nemelex Xobeh
Okawaru
Qazlal
Ru
Sif Muna
Trog
Uskayaw
Vehumet
Wu Jian
Xom
Yredelemnul
Zin
The Shining One
Beogh
Jiyva
Lugonu


Innate Abilities, Weirdness & Mutations

You are too large for most types of armour.
You have tough skin. (AC +1)


Message History

You hit the centaur.
The centaur is almost dead.
The centaur closely misses you.
You hit the centaur.
The centaur is almost dead.
The centaur closely misses you.
You barely miss the centaur.
The centaur is almost dead.
You feel yourself slow down. The centaur barely misses you.
You hit the centaur but do no damage.
The centaur is almost dead.
The centaur closely misses you. x2
You hit the centaur.
You kill the centaur!
Okawaru accepts your kill.
Your Maces & Flails skill increases to level 1!
Your Stealth skill increases to level 2!
The ogre hits you with a +0 giant spiked club.
You die...

▓_▓
▓_▓
▓_▓
▓(▓
▓.▓
▓(▓
▓|▓
▓(▓
▓@▓
▓O▓
▓5▓
▓.▓
▓.▓
▓(▓
▓(▓
▓.▓
▓.▓


You could see an ogre and a crimson imp.

Vanquished Creatures
  A centaur (D)
  A scorpion (D)
  A crimson imp (D)
  A hound (D)
  An iguana (D)
  A worker ant (D)
  An adder (D)
  A leopard gecko (D)
  A giant cockroach (D)
  2 goblins (D)
  A kobold (D)
  A bat (D)
13 creatures vanquished.

Vanquished Creatures (others)
  A yak (D)
1 creature vanquished.

Grand Total: 14 creatures vanquished

Notes
Turn   | Place    | Note
-------+----------+-------------------------------------------
     0 | D        | Ikoden the Ogre Hunter began the quest for the Orb.
     0 | D        | Reached XP level 1. HP: 22/22 MP: 1/1
     8 | D        | Reached skill level 5 in Throwing
    21 | D        | Noticed a scorpion
    21 | D        | Noticed a crimson imp
    21 | D        | Noticed a hound
    21 | D        | Noticed an iguana
    22 | D        | Killed a scorpion
    22 | D        | Reached skill level 7 in Throwing
    22 | D        | Reached XP level 2. HP: 29/31 MP: 2/2
    22 | D        | Reached XP level 3. HP: 34/37 MP: 3/3
    23 | D        | Reached skill level 8 in Throwing
    23 | D        | Reached skill level 1 in Stealth
    23 | D        | Reached XP level 4. HP: 45/48 MP: 4/4
    24 | D        | Reached skill level 9 in Throwing
    42 | D        | Reached XP level 5. HP: 34/54 MP: 5/5
   549 | D        | Found a roughly hewn altar of Beogh.
   549 | D        | Found a snail-covered altar of Cheibriados.
   549 | D        | Found a shadowy altar of Dithmenos.
   549 | D        | Found a white marble altar of Elyvilon.
   549 | D        | Found a blossoming altar of Fedhas.
   549 | D        | Found an opulent altar of Gozag.
   550 | D        | Found a hazy altar of Hepliaklqana.
   551 | D        | Found a viscous altar of Jiyva.
   552 | D        | Found an ancient bone altar of Kikubaaqudgha.
   553 | D        | Found a corrupted altar of Lugonu.
   554 | D        | Found a burning altar of Makhleb.
   555 | D        | Found a sparkling altar of Nemelex Xobeh.
   556 | D        | Found an iron altar of Okawaru.
   557 | D        | Found a stormy altar of Qazlal.
   558 | D        | Found a sacrificial altar of Ru.
   559 | D        | Found a deep blue altar of Sif Muna.
   560 | D        | Found a bloodstained altar of Trog.
   561 | D        | Found a hide-covered altar of Uskayaw.
   562 | D        | Found a radiant altar of Vehumet.
   563 | D        | Found an ornate altar of the Wu Jian Council.
   564 | D        | Found a shimmering altar of Xom.
   566 | D        | Became a worshipper of Warmaster Okawaru
   568 | D        | Found a basalt altar of Yredelemnul.
   569 | D        | Found a glowing silver altar of Zin.
   570 | D        | Found a glowing golden altar of the Shining One.
   703 | D        | Noticed a yak
   703 | D        | Noticed a centaur
   703 | D        | Noticed an ogre
   706 | D        | Reached skill level 1 in Short Blades
   706 | D        | Reached skill level 10 in Throwing
   725 | D        | Killed a yak
   725 | D        | Reached skill level 5 in Fighting
   725 | D        | Reached skill level 11 in Throwing
   725 | D        | Reached XP level 6. HP: 19/66 MP: 6/6
   759 | D        | HP: 2/66 [centaur/arrow (9)]
   765 | D        | Reached skill level 1 in Maces & Flails
   765 | D        | Slain by an ogre

Skill      XL: |  1  2  3  4  5  6 |
---------------+-------------------+-----
Dodging        | 2 3 4 |  4.8
Throwing       | 7 8 9 11 | 11.3
Fighting       | 3 4 5 |  5.8
Stealth        | 1 2 |  2.3
Short Blades   | 2 |  2.6
Maces & Flails | 1 |  1.6

Action                   |  1- 3 |  4- 6 || total
-------------------------+-------+-------++-------
Melee: Short sword       |     2 |    24 ||    26
       Club              |       |    37 ||    37
Throw: Large rock        |     7 |     6 ||    13
       Throwing net      |     2 |     2 ||     4
  Use: Potion            |       |    10 ||    10
 Stab: Invisible         |       |     2 ||     2
Armor: Robe              |     3 |     8 ||    11
Dodge: Dodged            |     2 |    58 ||    60
